 Dungeon Crawl Stone Soup version 0.27-a0-780-geb8d7bc690 (webtiles) character file.

Game seed: 8850819609195109855

3288 YannR the Covert (level 10, 0/46 (56) HPs)
             Began as a Kobold Necromancer on Mar 26, 2021.
             Was an Elder of Okawaru.
             Slain by a wight
             ... wielding a +0 dagger
              (2 damage)
             ... on level 7 of the Dungeon.
             The game lasted 00:15:18 (10183 turns).

YannR the Covert (Kobold Necromancer)              Turns: 10183, Time: 00:15:18

HP:   0/46 (56)     AC: 10    Str:  7    XL:     10   Next: 20%
MP:   17/17         EV: 16    Int: 19    God:    Okawaru [****..]
Gold: 386           SH:  0    Dex: 19    Spells: 14/19 levels left

rFire    . . .     SeeInvis .   f - +6 short sword of Uncertain Death {drain, Int+2 Dex+2 Stlth+}
rCold    . . .     Faith    .   (shield restricted)
rNeg     . . .     Spirit   .   r - +0 acid dragon scales
rPois    .         Reflect  .   p - +0 helmet
rElec    .         Harm     .   m - +1 cloak {Will+}
rCorr    +         Rampage  .   (no gloves)
Will     .....                  d - +0 pair of boots
Stlth    +++++.....             (no amulet)
HPRegen  0.15/turn              (no ring)
MPRegen  0.15/turn              (no ring)

@: silenced, weak-willed, heavily drained
A: small, no large weapons, nightstalker 3
a: Renounce Religion


You were on level 7 of the Dungeon.
You worshipped Okawaru.
Okawaru was greatly pleased with you.
You visited 1 branch of the dungeon, and saw 7 of its levels.

You collected 618 gold pieces.
You spent 232 gold pieces at shops.

Inventory:

Hand Weapons
 b - a +1 dagger of draining
 f - the +6 short sword of Uncertain Death (weapon) {drain, Int+2 Dex+2 Stlth+}
   (You bought it in a shop on level 4 of the Dungeon)

   A truly terrible weapon, it drains the life of those it strikes.
   It affects your intelligence (+2).
   It affects your dexterity (+2).
   It makes you more stealthy.
Missiles
 c - 3 atropa-tipped darts
Armour
 a - a +0 robe
 d - a +0 pair of boots (worn)
 g - a +0 leather armour of fire resistance
 k - a +0 kite shield
 m - a +1 cloak of willpower (worn)
 p - a +0 helmet (worn)
 r - +0 acid dragon scales (worn)
 t - the +1 helmet of Dim Light {-Tele rPois rC+}
   (You found it on level 6 of the Dungeon)

   It protects you from cold.
   It protects you from poison.
   It prevents most forms of teleportation.
Wands
 i - a wand of iceblast (3)
 y - a wand of flame (29)
Scrolls
 e - a scroll of torment
 j - a scroll of enchant weapon
 n - a scroll of noise
 q - a scroll of amnesia
 u - a scroll of identify
 w - 2 scrolls of silence
Potions
 h - a potion of haste {unknown}
 o - a potion of brilliance
 s - 2 potions of mutation
 x - a potion of resistance {unknown}


   Skills:
 + Level 3.3 Fighting
 * Level 8.4 Short Blades
 * Level 2.2 Armour
 - Level 5.5 Dodging
 + Level 8.5 Stealth
 + Level 5.1 Spellcasting
 * Level 7.6 Necromancy
 + Level 3.3 Invocations


You had 14 spell levels left.
You knew the following spells:

 Your Spells              Type           Power      Damage    Failure   Level
a - Pain                  Necr           100%       1d9       1%          1
b - Animate Skeleton      Necr           68%        N/A       1%          1
c - Vampiric Draining     Necr           17%        2d8       3%          3

Your spell library contained the following spells:

 Spells                   Type           Power      Damage    Failure   Level
 Animate Dead             Necr           17%        N/A       10%         4
 Beastly Appendage        Tmut           8%         N/A       22%         1
 Agony                    Necr           34%        N/A       26%         5
 Wereblood                Tmut           4%         N/A       34%         2
 Confusing Touch          Hex            4%         N/A       56%         3
 Gell's Gravitas          Tloc           2%         N/A       56%         3
 Spider Form              Tmut/Pois      2%         N/A       56%         3
 Ice Form                 Ice/Tmut       4%         N/A       92%         4
 Petrify                  Tmut/Erth      4%         N/A       92%         4
 Blade Hands              Tmut           2%         N/A       99%         5
 Metabolic Englaciation   Hex/Ice        2%         N/A       99%         5
 Yara's Violent Unravell  Hex/Tmut       2%         3d3       99%         5


Dungeon Overview and Level Annotations

Branches:
Dungeon (7/15)             Temple (0/1) D:6

Altars:
Dithmenos
Elyvilon
Hepliaklqana
Kikubaaqudgha
Makhleb
Okawaru
Uskayaw
Xom

Shops:
D:3 (([(=   D:4 (

Annotations:
D:7 Eustachio


Innate Abilities, Weirdness & Mutations

You are small and have problems with some larger weapons.
You are completely attuned to the shadows.


Message History

Okay, then.
You feel yourself speed up. The quasit closely misses you.
The quasit claws you but does no damage.
The quasit closely misses you. The hornet barely misses you.
The quasit misses you. The quasit closely misses you.
The quasit claws you but does no damage.
The wight hits you with a +0 great sword.
* * * LOW HITPOINT WARNING * * *
You feel drained.
* * * LOW HITPOINT WARNING * * *
The hornet completely misses you.
Eustachio brags, "I can call spirits from the vasty deep."
Eustachio mumbles some strange words.
The wight hits you from afar with a +0 halberd.
* * * LOW HITPOINT WARNING * * *
You feel drained.
Unknown command.
Unknown command.
As you read the scroll labelled MIMEJAT VUHA, it crumbles to dust.
Magic quickly surges around you.
It was a scroll of vulnerability.
The hornet misses you. The quasit barely misses you.
The quasit closely misses you.
The quasit claws you but does no damage.
The wight misses you. The wight barely misses you. x2
The hornet barely misses you.
The quasit bites you but does no damage.
The quasit closely misses you. The quasit completely misses you.
The bat closely misses you. The wight completely misses you.
Unknown command.
As you read the scroll labelled FOCROISYN, it crumbles to dust.
A profound silence engulfs you.
It was a scroll of silence.
The bat closely misses you. The wight misses you. x2
The hornet stings you but does no damage.
The wight closely misses you. The quasit closely misses you. x2
The quasit claws you but does no damage.
The wight closely misses you.
Unknown command.
The wight misses you. The wight hits you with a +0 dagger.
You die...

#....._.# #....#......##
#.[.#...# #.#..##...### #..######
#.##.###.## #..## ##.##..####
#...######..##..#
#..........###..## ###
##.......### #...# ##.. #########
#...# ##..# ########### ##@b.##
##...# #..##.....# #zyz5.#
##..... ###........####.z...##
##...... #...........##5r@rz..#
##..#....
...............5.....####..##....
......>......#####........##.....
.............# ###.....###...†.
.............# #.z..#.###.....
.............# #....#..##.^...


You could see Eustachio (weak-willed), a hornet (weak-willed), 2 iron imps, 4
wights, a quasit (summoned, weak-willed), a river rat (summoned, weak-willed), a
bat (summoned, weak-willed) and a rat (summoned, weak-willed).

Vanquished Creatures
  Pikel (D:5)
  Maggie (D:6)
  Prince Ribbit (D:6)
  3 water moccasins
  A black bear (D:5)
  An ice beast (D:6)
  2 sky beasts
  2 ogres
  A centaur (D:6)
  2 lemures (D:5)
  A bullfrog (D:6)
  3 scorpions
  2 water moccasin zombies (D:5)
  A howler monkey (D:6)
  4 hounds (D:6)
  A jelly (D:5)
  A centaur skeleton (D:6)
  A gnoll shaman (D:7)
  4 orc priests
  Crazy Yiuf (D:3)
  2 bullfrog skeletons (D:5)
  4 iguanas
  Ijyb (D:3)
  Terence (D:3)
  7 orc wizards
  Natasha (thrice) (D:3)
  A howler monkey zombie (D:5)
  4 adders
  5 gnolls (D:7)
  A howler monkey skeleton (D:5)
  2 white imps
  An adder skeleton (D:4)
  2 worms (D:2)
  2 dart slugs
  20 orcs
  5 ball pythons
  7 endoplasms
  2 giant cockroaches (D:4)
  10 goblins
  7 hobgoblins
  25 jackals
  8 kobolds
  6 quokkas
  9 bats
  2 frilled lizards
  5 rats
176 creatures vanquished.

Vanquished Creatures (others)
  A fungus (D:3)
1 creature vanquished.

Grand Total: 177 creatures vanquished

Notes
Turn   | Place    | Note
-------+----------+-------------------------------------------
     0 | D:1      | YannR the Kobold Necromancer began the quest for the Orb.
     0 | D:1      | Reached XP level 1. HP: 10/10 MP: 3/3
    36 | D:1      | Learned a level 1 spell: Animate Skeleton
   376 | D:1      | Reached XP level 2. HP: 9/15 MP: 0/5
   880 | D:1      | Reached skill level 1 in Short Blades
  1120 | D:1      | Reached XP level 3. HP: 10/19 MP: 2/6
  1966 | D:2      | Found a shimmering altar of Xom.
  2131 | D:2      | Reached XP level 4. HP: 12/24 MP: 6/8
  2296 | D:2      | Learned a level 3 spell: Vampiric Draining
  2486 | D:2      | Found an iron altar of Okawaru.
  2493 | D:2      | Became a worshipper of Warmaster Okawaru
  2673 | D:2      | Found a burning altar of Makhleb.
  2778 | D:3      | Noticed Terence
  2805 | D:3      | Noticed Ijyb
  2813 | D:3      | Reached XP level 5. HP: 12/28 MP: 2/9
  2838 | D:3      | Killed Terence
  2848 | D:3      | Killed Ijyb
  3464 | D:3      | Found Xudekluta's Jewellery Shop.
  3547 | D:3      | Found a runed translucent door.
  3550 | D:3      | Noticed Crazy Yiuf
  3553 | D:3      | Killed Crazy Yiuf
  3554 | D:3      | Reached XP level 6. HP: 32/32 MP: 10/10
  3595 | D:3      | Noticed Natasha
  3602 | D:3      | Killed Natasha
  3841 | D:3      | Reached skill level 5 in Stealth
  4073 | D:3      | Found Qih Xyil's Weapon Boutique.
  4092 | D:3      | Noticed Natasha
  4101 | D:3      | Killed Natasha
  4147 | D:3      | Found Noni's Weapon Shoppe.
  4165 | D:3      | Found Vukhargh's Armour Shop.
  4370 | D:3      | Found Aravea's Weapon Emporium.
  4741 | D:3      | Noticed Natasha
  4753 | D:3      | Killed Natasha
  5168 | D:4      | Found Wafraesm's Antique Weapon Shop.
  5694 | D:4      | Reached XP level 7. HP: 34/36 MP: 11/11
  5810 | D:4      | Reached skill level 5 in Necromancy
  6225 | D:5      | Entered Level 5 of the Dungeon
  6324 | D:5      | Found a shadowy altar of Dithmenos.
  6350 | D:5      | Reached * piety under Okawaru
  6711 | D:5      | Noticed Pikel
  7035 | D:5      | Noticed a water moccasin
  7039 | D:5      | Killed a water moccasin
  7279 | D:5      | Reached skill level 5 in Short Blades
  7279 | D:5      | Reached XP level 8. HP: 35/41 MP: 11/13
  7562 | D:5      | Reached ** piety under Okawaru
  7991 | D:5      | Killed Pikel
  7992 | D:5      | Reached skill level 1 in Fighting
  7992 | D:5      | Reached skill level 5 in Dodging
  7992 | D:5      | Reached skill level 1 in Invocations
  7992 | D:5      | Reached XP level 9. HP: 28/48 MP: 3/15
  8381 | D:6      | Found an ancient bone altar of Kikubaaqudgha.
  8407 | D:6      | Noticed Maggie
  8421 | D:6      | Killed Maggie
  8421 | D:6      | Reached *** piety under Okawaru
  8421 | D:6      | Noticed Eustachio
  8468 | D:6      | Found a staircase to the Ecumenical Temple.
  8517 | D:6      | Identified the +1 helmet of Dim Light {-Tele rPois rC+}
  8578 | D:4      | Bought a warped short sword for 232 gold pieces
  8578 | D:4      | Identified the +6 short sword of Uncertain Death {drain,
                  | Int+2 Dex+2 Stlth+} (You bought it in a shop on level 4 of
                  | the Dungeon)
  8674 | D:6      | Noticed Prince Ribbit
  8811 | D:6      | Reached skill level 1 in Armour
  8836 | D:6      | Killed Prince Ribbit
  8836 | D:6      | Received a gift from Okawaru
  8996 | D:6      | Reached skill level 5 in Spellcasting
  8996 | D:6      | Reached XP level 10. HP: 56/56 MP: 17/17
  9218 | D:6      | Found a hide-covered altar of Uskayaw.
  9757 | D:7      | Found a hazy altar of Hepliaklqana.
  9861 | D:7      | Reached **** piety under Okawaru
  9939 | D:7      | Found a white marble altar of Elyvilon.
 10180 | D:7      | HP: 1/47 [wight/+0 halberd (2)]
 10183 | D:7      | Slain by a wight

Illustrated notes

Levels and vault maps discovered:
D:1:      lemuel_arrival_lava_pool, layout_loops_ring, serial_park_tiny_2,
          minmay_pentomino_z4
D:2:      layout_rooms, okawaru_trees_1, makhleb_altar_promises_db,
          serial_corexii_hall, chequers_hall_statues_y, corexii_hall_statues_t,
          xom_teletrap_fun
D:3:      layout_basic, serial_shops, nicolae_shop_behind_doors, shop,
          nicolae_shop_crystal, nicolae_shop_trees, shop,
          roderic_serpentine_path, uniq_ijyb, uniq_crazy_yiuf_cottage,
          uniq_natasha, uniq_terence
D:4:      layout_basic, serial_shops, nicolae_shop_statue_plus
D:5:      minmay_polygon_palace, layout_loops_corners,
          nicolae_dithmenos_shadow_blocks, uniq_pikel
D:6:      layout_basic, kennysheep_mini_moat, general_overflow_altar,
          minmay_temple_entry_statues_fountains, uniq_maggie,
          uniq_prince_ribbit1, uniq_eustachio
D:7:      layout_cave_pods, kennysheep_mini, nicolae_hepliaklqana_hippocampus,
          grunt_ogre_cave

Skill      XL: |  1  2  3  4  5  6  7  8  9 10 |
---------------+-------------------------------+-----
Stealth        | 3 4 5 6 7 8 |  8.5
Short Blades   | 1 2 3 4 5 6 8 |  8.4
Dodging        | 3 4 5 |  5.5
Spellcasting   | 3 4 5 |  5.1
Necromancy     | 5 6 7 |  7.6
Fighting       | 1 3 |  3.3
Invocations    | 1 2 3 |  3.3
Armour         | 1 2 |  2.2

Action                   |  1- 3 |  4- 6 |  7- 9 | 10-12 || total
-------------------------+-------+-------+-------+-------++-------
Melee: Dagger            |    17 |    17 |       |       ||    34
       Unarmed           |     3 |       |       |       ||     3
       Short sword       |    56 |   239 |   269 |    69 ||   633
 Cast: Pain              |    30 |     2 |     1 |       ||    33
       Animate Skeleton  |     3 |       |       |       ||     3
       Vampiric Draining |       |     5 |     8 |       ||    13
Evoke: Wand              |       |     2 |       |     1 ||     3
  Use: Potion            |       |     4 |     1 |     1 ||     6
       Scroll            |       |     2 |     3 |     5 ||    10
 Stab: Sleeping          |     5 |    16 |    19 |     5 ||    45
       Distracted        |     1 |     2 |       |       ||     3
Armor: Robe              |     2 |       |       |       ||     2
       Leather armour    |    13 |    54 |    29 |       ||    96
       Skin              |       |    30 |       |       ||    30
       Acid dragon scale |       |       |    21 |    18 ||    39
Dodge: Dodged            |    51 |   150 |   154 |    94 ||   449

Table legend: (Time is in decaauts)
 A = Elapsed time spent in this place.
 B = Non-inter-level travel time spent in this place.
 C = Inter-level travel time spent in this place.
 D = Time resting spent in this place.
 E = Time spent auto-exploring this place.
 F = Levels seen in this place.
 G = Mean time per level.
                   A        B        C        D        E       F      G
               +--------+--------+--------+--------+--------+-----+--------+
         Total |  10094 |   9866 |    228 |   2245 |   5871 |   7 | 1442.0 |
       Dungeon |  10094 |   9866 |    228 |   2245 |   5871 |   7 | 1442.0 |
               +--------+--------+--------+--------+--------+-----+--------+

Top non-repeatable levels by time:
     D:3: 2145 daAuts
     D:5: 2123 daAuts
     D:1: 1687 daAuts
     D:6: 1238 daAuts
     D:2: 1232 daAuts
     D:4: 1178 daAuts
     D:7: 488 daAuts
